 Dungeon Crawl Stone Soup version 0.31-a0-233-g139696d (webtiles) character file.

Game seed: 9293554139678271038

2282181 Ubbricas the Slayer (level 27, 216/216 HPs)
             Began as a Demonspawn Fighter on July 6, 2023.
             Was the Champion of Nemelex Xobeh.
             Escaped with the Orb
             ... and 4 runes on July 9, 2023!
             The game lasted 03:51:03 (72724 turns).

Ubbricas the Slayer (Demonspawn Fighter)           Turns: 72724, Time: 03:51:03

Health: 216/216    AC: 34    Str: 22    XL:     27
Magic:  42/42      EV: 17    Int: 28    God:    Nemelex Xobeh [******]
Gold:   7483       SH:  4    Dex: 15    Spells: 24/56 levels left

rFire   + + +        b - +7 quick blade of Painful Death {spect, *Noise rPois rC+ rN+++}
rCold   + + +        (no shield)
rNeg    + + +        S - +8 fire dragon scales
rPois   +            (helmet unavailable)
rElec   +            (cloak unavailable)
rCorr   +            (gloves unavailable)
SInv    +            L - +3 pair of seven-league boots {Rampage+∞}
Will    +++..        t - amulet "Zuisiovuvu" {Acrobat Int+8}
Stlth   ++           R - ring "Mafuilon" {+Blink rF+ rC+++ Str-5 Int+6}
HPRegen 0.56/turn    x - ring "Reuned" {rElec rPois Will+ rCorr Str+3}
MPRegen 0.56/turn

%: acrobat, clarity, guardian spirit, rampage+∞
@: studying 4 skills
A: antennae 3, icemail 2, augmentation 3, magic shield, magic regeneration,
magic link, condensation shield, weakness stinger 3, demonic touch 3, iridescent
scales 1, clarity, frail 1, sense surroundings 1, poison resistance
0: Orb of Zot
}: 4/15 runes: decaying, serpentine, slimy, silver
a: Renounce Religion, Evoke Blink, Draw Escape, Draw Destruction, Draw
Summoning, Draw Stack, Triple Draw, Deal Four, Stack Five


You escaped.
You worshipped Nemelex Xobeh.
Nemelex Xobeh was exalted by your worship.
You visited 12 branches of the dungeon, and saw 56 of its levels.
You visited the Abyss 2 times.
You also visited: Sewer, Gauntlet and Wizlab.

You collected 9241 gold pieces.
You spent 1758 gold pieces at shops.

Inventory:

Hand Weapons
 b - the +7 quick blade of Painful Death (weapon) {spect, *Noise rPois rC+ rN+++}
   (You acquired it on level 2 of the Orcish Mines)

   rC:        It protects you from cold.
   rPois:     It protects you from poison.
   rN:        It renders you almost immune to negative energy.
   *Noise:    It may make noises in combat.
 Q - the +10 dagger "Yclaotet" {vamp, *Noise Will++ Int+3}
   (You found it on level 4 of the Lair of Beasts)

   Int:       It affects your intelligence (+3).
   *Noise:    It may make noises in combat.
   Will:      It greatly increases your willpower.
 W - the +7 Spriggan's Knife {stab, EV+4 Stlth+}
   (You acquired it in a wizard's laboratory)

   Stab:      It is more effective when stabbing unaware enemies, sometimes
   treating them as though they were completely helpless.
   EV:        It affects your evasion (+4).
   Stlth:     It makes you more stealthy.
Missiles
 f - 5 throwing nets
 y - 8 curare-tipped darts
Armour
 C - the +5 scale mail of Tyfid {rElec Str+3 Int+4}
   (You found it on level 3 of the Crypt)

   Str:       It affects your strength (+3).
   Int:       It affects your intelligence (+4).
   rElec:     It insulates you from electricity.
 L - the +3 pair of seven-league boots (worn) {Rampage+∞}
   (You acquired it on level 3 of the Vaults)

   Rampage+∞: When moving toward enemies, its wearer moves as far as possible,
   alerting their target en route.
 S - +8 fire dragon scales (worn)
Jewellery
 t - the amulet "Zuisiovuvu" (around neck) {Acrobat Int+8}
   (You took it off a vault warden on level 5 of the Vaults)

   [amulet of the acrobat]

   It increases your evasion while moving and waiting.
   Int:       It affects your intelligence (+8).
 x - the ring "Reuned" (right hand) {rElec rPois Will+ rCorr Str+3}
   (You found it on level 2 of the Realm of Zot)

   [ring of poison resistance]

   Str:       It affects your strength (+3).
   rElec:     It insulates you from electricity.
   rPois:     It protects you from poison.
   rCorr:     It protects you from acid and corrosion.
   Will:      It increases your willpower.
 R - the ring "Mafuilon" (left hand) {+Blink rF+ rC+++ Str-5 Int+6}
   (You acquired it on level 1 of the Snake Pit)

   [ring of intelligence]

   Str:       It affects your strength (-5).
   Int:       It affects your intelligence (+6).
   rF:        It protects you from fire.
   rC:        It renders you almost immune to cold.
   +Blink:    It lets you blink.
 U - the ring "Dyosirch" {rC+ rN+ Dex+8}
   (You found it on level 3 of the Elven Halls)

   [ring of protection from cold]

   Dex:       It affects your dexterity (+8).
   rC:        It protects you from cold.
   rN:        It protects you from negative energy.
 V - the ring "Put-Me-On" {Contam Str+4 Int+4 Dex+6}
   (You found it in a Gauntlet)

   [ring of dexterity]

   Str:       It affects your strength (+4).
   Int:       It affects your intelligence (+4).
   Dex:       It affects your dexterity (+6).
   Contam:    It causes magical contamination when unequipped.
 X - the ring of Nyleovuh {rCorr Int-3 Dex+2 Slay+3}
   (You took it off a deep elf archer on level 3 of the Elven Halls)

   [ring of resist corrosion]

   Int:       It affects your intelligence (-3).
   Dex:       It affects your dexterity (+2).
   Slay:      It affects your accuracy & damage with ranged weapons and melee
   (+3).
   rCorr:     It protects you from acid and corrosion.
 Y - the amulet of Fasatwest {RegenMP Rampage rPois Str-4 Int+6}
   (You took it off a deep elf archer on level 1 of the Elven Halls)

   [amulet of magic regeneration]

   It increases your rate of magic regeneration.
   Str:       It affects your strength (-4).
   Int:       It affects your intelligence (+6).
   rPois:     It protects you from poison.
   Rampage:   It bestows one free step when moving towards enemies.
 Z - the ring of Zaziysum {*Slow rF++ rN+ Dex+6 SInv}
   (You found it on level 4 of the Vaults)

   [ring of dexterity]

   Dex:       It affects your dexterity (+6).
   rF:        It greatly protects you from fire.
   rN:        It protects you from negative energy.
   SInv:      It lets you see invisible.
   *Slow:     It may slow you when you take damage.
Wands
 c - a wand of flame (105)
 o - a wand of light (56)
 p - a wand of iceblast (60)
 w - a wand of mindburst (55)
 E - a wand of digging (16)
 T - a wand of polymorph (15)
Scrolls
 e - 36 scrolls of identify
 h - 5 scrolls of enchant armour
 q - a scroll of silence
 r - 5 scrolls of revelation
 u - 3 scrolls of immolation
 A - 3 scrolls of butterflies
 F - 3 scrolls of blinking
 H - 10 scrolls of fog
 I - 8 scrolls of amnesia
 N - 10 scrolls of teleportation
 O - 7 scrolls of poison
 P - 8 scrolls of fear
Potions
 d - 12 potions of might
 g - 6 potions of heal wounds
 j - 8 potions of enlightenment
 k - 5 potions of magic
 l - 5 potions of ambrosia
 m - 9 potions of curing
 s - 3 potions of resistance
 v - 9 potions of brilliance
 z - 9 potions of haste
 B - 5 potions of berserk rage
 D - 9 potions of mutation
 G - 4 potions of cancellation
 J - 6 potions of attraction
 K - 7 potions of lignification
 M - 3 potions of invisibility
Miscellaneous
 a - a phial of floods
 i - a phantom mirror
 n - a lightning rod (4/4)


   Skills:
 * Level 24.8 Fighting
 - Level 14.0 Short Blades
 - Level 2.4 Axes
 - Level 10.0 Armour
 - Level 15.0 Dodging
 - Level 18.0 Stealth
 - Level 6.0 Shields
 - Level 15.1 Spellcasting
 - Level 16.0 Hexes
 - Level 3.1 Necromancy
 - Level 15.0 Transmutations
 - Level 13.0 Earth Magic
 - Level 21.7 Invocations
 - Level 1.7 Evocations


You had 24 spell levels left.
You knew the following spells:

 Your Spells              Type           Power      Damage    Failure   Level
a - Wereblood             Tmut           100%       N/A       1%          2
b - Yara's Violent Unrav  Hex/Tmut       63%        3d24      1%          5
c - Statue Form           Tmut/Erth      80%        N/A       3%          6
d - Enfeeble              Hex            63%        N/A       8%          7
e - Lee's Rapid Deconstr  Erth           59%        3d27*     1%          5
f - Blink                 Tloc           92%        N/A       10%         2
g - Borgnjor's Vile Clut  Necr/Erth      49%        N/A       6%          5

Your spell library contained the following spells:

 Spells                   Type           Power      Damage    Failure   Level
 Necrotise                Necr           100%       1d9       1%          1
 Sandblast                Erth           100%       2d20      1%          1
 Sting                    Tmut/Pois      100%       1d8       1%          1
 Passwall                 Tmut/Erth      100%       N/A       1%          2
 Confusing Touch          Hex            100%       N/A       1%          3
 Dazzling Flash           Conj/Hex       100%       N/A       1%          3
 Inner Flame              Hex/Fire       98%        N/A       1%          3
 Portal Projectile        Hex/Tloc       100%       N/A       1%          3
 Stone Arrow              Conj/Erth      100%       3d13      1%          3
 Summon Guardian Golem    Hex/Summ       98%        N/A       1%          3
 Leda's Liquefaction      Hex/Erth       61%        N/A       1%          4
 Petrify                  Tmut/Erth      100%       N/A       1%          4
 Sublimation of Blood     Necr           72%        N/A       2%          2
 Ignite Poison            Fire/Tmut/Pois 83%        N/A       2%          3
 Fulminant Prism          Conj/Hex       49%        3d21      2%          4
 Ice Form                 Ice/Tmut       95%        N/A       2%          4
 Kiss of Death            Conj/Necr      100%       2d13      3%          1
 Foxfire                  Conj/Fire      100%       2x1d9     6%          1
 Freeze                   Ice            100%       1d10      6%          1
 Magic Dart               Conj           100%       1d8       6%          1
 Summon Small Mammal      Summ           100%       N/A       6%          1
 Cigotuvi's Dreadful Rot  Necr/Pois/Air  100%       N/A       6%          2
 Metabolic Englaciation   Hex/Ice        49%        N/A       6%          5
 Summon Mana Viper        Hex/Summ       98%        N/A       6%          5
 Call Imp                 Summ           92%        N/A       10%         2
 Lesser Beckoning         Tloc           92%        N/A       10%         2
 Scorch                   Fire           92%        2d8       10%         2
 Searing Ray              Conj           92%        2d7       10%         2
 Animate Dead             Necr           72%        N/A       17%         4
 Call Canine Familiar     Summ           46%        N/A       19%         3
 Frozen Ramparts          Ice            92%        1d14      19%         3
 Gell's Gravitas          Tloc           46%        N/A       19%         3
 Hailstorm                Conj/Ice       46%        3d11      19%         3
 Mephitic Cloud           Conj/Pois/Air  46%        N/A       19%         3
 Ozocubu's Armour         Ice            46%        N/A       19%         3
 Teleport Other           Tloc           46%        N/A       19%         3
 Vhi's Electric Charge    Tloc/Air       92%        N/A       19%         3
 Volatile Blastmotes      Fire/Tloc      92%        2d17      19%         3
 Eringya's Noxious Bog    Tmut/Pois      47%        4d6       41%         6
 Flame Wave               Conj/Fire      46%        2d12      52%         4
 Iskenderun's Mystic Bla  Conj/Tloc      46%        2d10      52%         4
 Manifold Assault         Tloc           46%        N/A       52%         4
 Summon Ice Beast         Ice/Summ       46%        N/A       52%         4
 Leda's Unmaking          Conj/Erth      45%        9d8       54%         6
 Arcjolt                  Conj/Air       23%        1d33      86%         5
 Fireball                 Conj/Fire      23%        3d11      86%         5
 Freezing Cloud           Conj/Ice/Air   23%        6-21      86%         5
 Summon Forest            Summ/Tloc      23%        N/A       86%         5
 Storm Form               Tmut/Air       47%        N/A       94%         7
 Death Channel            Necr           36%        N/A       95%         6
 Simulacrum               Ice/Necr       30%        N/A       99%         6
 Plasma Beam              Fire/Air       23%        2x1d35    100%        6
 Starburst                Conj/Fire      23%        6d8       100%        6
 Summon Cactus Giant      Summ           23%        N/A       100%        6
 Haunt                    Necr/Summ      30%        N/A       100%        7
 Malign Gateway           Summ/Tloc      23%        N/A       100%        7
 Monstrous Menagerie      Summ           23%        N/A       100%        7
 Orb of Destruction       Conj           23%        9d8       100%        7
 Ozocubu's Refrigeration  Ice            23%        4d12      100%        7
 Spellforged Servitor     Conj/Summ      23%        N/A       100%        7
 Summon Hydra             Summ           23%        N/A       100%        7
 Borgnjor's Revivificati  Necr           36%        N/A       100%        8
 Infestation              Necr           36%        N/A       100%        8
 Maxwell's Capacitive Co  Air            23%        ∞         100%        8
 Summon Horrible Things   Summ           23%        N/A       100%        8
 Chain Lightning          Conj/Air       23%        3d30      100%        9
 Death's Door             Necr           36%        N/A       100%        9
 Fire Storm               Conj/Fire      23%        8d6       100%        9
 Shatter                  Erth           59%        3d44*     100%        9


Dungeon Overview and Level Annotations

Branches:
Dungeon (15/15)            Temple (1/1) D:5            Lair (5/5) D:9
  Swamp (4/4) Lair:2        Snake (4/4) Lair:2        Slime (5/5) Lair:5
    Orc (2/2) D:11            Elf (3/3) Orc:2        Vaults (5/5) D:14
  Crypt (3/3) Vaults:2       Tomb (0/3) Crypt:3      Depths (4/4) D:15
    Zot (5/5) Depths:4      Sewer (visited)          WizLab (visited)
Gauntlet (visited)

Altars:
Ashenzari
Cheibriados
Dithmenos
Fedhas
Gozag
Hepliaklqana
Kikubaaqudgha
Makhleb
Nemelex Xobeh
Okawaru
Qazlal
Ru
Sif Muna
Trog
Uskayaw
Vehumet
Wu Jian
Xom
Yredelemnul

Shops:
D:8 *   D:9 *   D:14 [   Orc:1 **   Orc:2 ?**[(   Elf:1 :   Elf:3 **
Vaults:1 [   Vaults:3 (   Vaults:5 *   Depths:4 =:=

Portals:
Hell: Depths:1 Depths:2 Depths:3 Depths:4
Abyss: Crypt:2 Depths:1 Depths:2 Depths:3 Depths:4
Pandemonium: Depths:2 Depths:4
Ziggurat: Depths:1

Annotations:
Elf:2 3 runed translucent doors


Innate Abilities, Weirdness & Mutations

You have a pair of large antennae on your head. (SInv)
A meltable icy envelope protects you from harm. (AC +8)
Your magical and physical power is greatly enhanced at high health.
When hurt, damage is shared between your health and your magic reserves.
You regenerate magic rapidly.
When low on magic, you restore magic in place of health.
A meltable shield of frost defends you. (SH +4)
You have a sharp stinger which inflicts weakening toxins.
Your touch may irresistibly damage your foes and sap their willpower.
You are partially covered in iridescent scales. (AC +2)
You possess an exceptional clarity of mind.
You are frail. (-10% HP)
You passively map a small area around you.
Your system is resistant to poisons. (rPois)


Message History

You block the Orb Guardian's attack.
You puncture the Orb Guardian! You tail-slap the Orb Guardian.
You kill the Orb Guardian!
You see here a +2 robe of positive energy.
Unknown command.
(D) Dungeon (T) Temple (L) Lair (S) Swamp (P) Snake Pit (M) Slime Pits (O) Orcish Mines (E) Elven Halls (V) Vaults (C) Crypt (W) Tomb (U) Depths (H) Hell (Z) Zot
Where to? (Enter - D:1, ? - help)
What level of the Dungeon? (default 1, ? - help) You're already here!
You see here a +2 robe of positive energy.
Magic restored.
Aiming: Dig
Press: ? - help, Q - select action, (/) - cycle Shift-Dir - straight line You can't see that place. [a rock wall.]
The rock shatters into small pieces.
Aiming: Dig
Press: ? - help, Q - select action, (/) - cycle Shift-Dir - straight line The rock shatters into small pieces.
Aiming: Dig
Press: ? - help, Q - select action, (/) - cycle Shift-Dir - straight line A rock wall.
This square is covered in magical glow.
The rock shatters into small pieces.
Aiming: Dig
Press: ? - help, Q - select action, (/) - cycle Shift-Dir - straight line You can't see that place. [a rock wall.]
The rock shatters into small pieces.
HP restored.
Aiming: Dig
Press: ? - help, Q - select action, (/) - cycle Shift-Dir - straight line You can't see that place. [a staircase leading out of the dungeon.]
The rock shatters into small pieces.
There is a staircase leading out of the dungeon here.
You have escaped!

##.##
#.#############
##.## #.# ##.### #.#
##..### #.# ########
###..#### ###
#...)..# #......##
#.####.#
#.####..######
######.####.#
#.######.....#
#...........#
#.##...###.@.#
#.####......#
##.##.### #....##.#
#####.## #.).....#
#...###.# #.#
##..##.######'######
#.#
#........##......#
#.#
#.###..###...[...#
###.# #.# #..#
#.#####.# #...#
#.###.####..#..#.#
#.###
###........##.#..#.#
#.#


There were no monsters in sight!

Vanquished Creatures
  the Royal Jelly (Slime:5)
  Khufu (Crypt:3)
  2 dread liches
  3 ancient liches
  3 orbs of fire
  A juggernaut (Slime:5)
  Mara (Vaults:2)
  A pandemonium lord (Zot:1)
  Sojobo (Vaults:2)
  Josephina (Zot:2)
  Boris (4 times) (Crypt:1 Depths:1 Depths:4 D:1)
  Vv (Zot:3)
  2 royal mummies (Crypt:3)
  Parghit (Depths:3)
  A curse toe (Zot:5)
  5 Killer Klowns (Zot:5)
  Saint Roka (Snake:4)
  Nikola (Depths:2)
  5 bone dragons
  14 golden dragons
  The ghost of Think the Acrobat, an adept OpFi of Gozag (Elf:3)
  A Tzitzimitl (D:15)
  5 electric golems
  An Ice Fiend (Depths:1)
  16 Orb Guardians
  Rupert (Abyss:2)
  6 liches
  Asterion (Snake:4)
  18 tentacled monstrosities
  A shard shrike skeleton (Crypt:2)
  3 deep elf blademasters (Elf:3)
  5 titans
  18 acid blobs
  8 quicksilver dragons
  Frances (D:14)
  An Executioner (Depths:2)
  8 sphinxes
  12 ancient champions
  6 death cobs
  A thorn hunter (Swamp:1)
  10 tengu reavers
  7 nagarajas
  17 shadow dragons
  A fenstrider witch (Swamp:1)
  4 draconian monks
  12 storm dragons
  A revenant (Crypt:3)
  4 azure jellies
  3 draconian knights
  5 fire giants
  5 iron dragons
  14 rockslimes
  5 frost giants
  15 vault wardens
  11 deep elf sorcerers
  A draconian scorcher (Zot:3)
  3 curse skulls
  3 ghost moths
  8 draconian shifters
  Aizul (Snake:2)
  3 orc warlords
  16 stone giants
  2 demonspawn corrupters (WizLab)
  2 juggernaut skeletons (Depths:2)
  7 ghouls
  17 ironbound preservers
  A cacodemon (Depths:2)
  5 very ugly things
  14 formless jellyfish
  A war gargoyle (Vaults:5)
  6 quicksilver oozes
  9 deep elf elementalists
  2 draconian annihilators
  8 draconian stormcallers
  6 ironbound thunderhulks
  11 vampire knights
  A formless jellyfish (shapeshifter) (Vaults:5)
  A reaper (Crypt:2)
  A lorocyproca (D:15)
  14 dire elephants
  8 green draconians
  3 minotaurs
  9 black draconians
  3 eleionomae
  6 bunyips
  2 spark wasps (Depths:2)
  7 purple draconians
  10 white draconians
  6 deep elf demonologists
  8 yellow draconians
  8 deep elf annihilators
  12 red draconians
  The ghost of dontdoit the Thaumaturge, a journeyman AtCj of Vehumet (Lair:3)
  6 deep elf death magi
  A blizzard demon (Abyss:2)
  2 eidola
  4 jiangshi
  A merfolk javelineer (WizLab)
  An entropy weaver (shapeshifter) (D:15)
  3 deep elf high priests (Elf:3)
  11 ettins
  5 fire dragons
  4 crystal guardians (Vaults:4)
  A mummy priest (Elf:1)
  An entropy weaver (Vaults:3)
  20 yaktaur captains
  36 vault guards
  3 shambling mangroves
  15 hydras
  10 great orbs of eyes
  4 rakshasas
  7 ice dragons
  2 salamander tyrants (Snake:4)
  2 hell beasts
  4 spriggan air magi
  2 ghost crabs
  8 centaur warriors
  2 spriggan skeletons (Depths:2)
  A radroach (shapeshifter) (D:12)
  A boulder beetle (shapeshifter) (Vaults:5)
  A merfolk aquamancer (WizLab)
  The ghost of Dega the Marksspriggan, a journeyman SpHu of Dithmenos (D:13)
  6 boulder beetles
  4 two-headed ogres
  7 anacondas
  2 peacekeepers (Vaults:4)
  16 dancing weapons
  4 death knights
  5 deep troll earth magi
  10 naga warriors
  8 ironbound frosthearts
  7 alligators
  10 deep troll shamans
  A satyr (shapeshifter) (Vaults:5)
  4 tengu warriors
  7 hell hogs
  2 thrashing horrors (Abyss:2)
  16 naga sharpshooters
  5 spriggan berserkers
  3 orc high priests
  A demonic crawler (Zot:4)
  4 vampire magi
  9 shock serpents
  17 hell knights
  2 sun demons (Depths:3)
  7 salamander mystics
  19 deep elf knights
  Nergalle (D:12)
  A fire crab (shapeshifter) (D:13)
  14 iron trolls
  2 wretched stars (Abyss:2)
  52 skeletal warriors
  3 soul eaters
  A fire crab (Slime:5)
  A shadow wraith (Crypt:3)
  A skyshark (Lair:5)
  2 sea snakes
  A death drake (shapeshifter) (Depths:1)
  A quicksilver dragon simulacrum (Zot:2)
  A deep troll (shapeshifter) (Vaults:5)
  2 shadow demons (Elf:1)
  2 death drakes
  8 spriggan druids
  A sea snake (shapeshifter) (WizLab)
  3 anaconda zombies
  A storm dragon skeleton (Depths:2)
  4 glowing orange brains
  67 deep trolls
  7 flayed ghosts
  17 deep elf archers
  An orange crystal statue (Swamp:1)
  16 wizards
  5 bog bodies
  3 goliath frogs
  13 swamp dragons
  17 ironbound convokers
  14 phantasmal warriors
  9 lindwurms
  A shadow dragon zombie (Vaults:5)
  10 naga ritualists
  20 deep elf pyromancers
  A golden dragon skeleton (Depths:2)
  2 wolf spiders (shapeshifter)
  9 harpies
  13 orc knights
  9 necromancers
  2 human zombies
  24 deep elf zephyrmancers
  6 shining eyes
  16 mana vipers
  35 ugly things
  15 salamanders
  A faun (shapeshifter) (Vaults:5)
  A will-o-the-wisp (Swamp:3)
  4 oklob plants
  2 manticores
  3 worldbinders
  A salamander (shapeshifter) (Vaults:5)
  A shadow dragon skeleton (Depths:2)
  6 cyclopes
  10 elephants
  A stone giant skeleton (Crypt:3)
  A moth of wrath (shapeshifter) (D:15)
  28 moths of wrath
  A rust devil (Zot:1)
  2 guardian serpents
  A centaur zombie (Crypt:3)
  4 large abominations (Abyss:2)
  45 black mambas
  A frost giant skeleton (Vaults:3)
  3 smoke demons (Depths:3)
  4 molten gargoyles (D:9)
  2 apocalypse crabs (Abyss:2)
  A gargoyle (D:10)
  14 vault sentinels
  17 cane toads
  An orange demon (Abyss:2)
  3 eyes of devastation
  16 naga magi
  3 water nymphs
  3 rime drakes
  A centaur skeleton (Crypt:3)
  An unseen horror (D:8)
  A green draconian zombie (Crypt:1)
  6 torpor snails
  A storm dragon simulacrum (Zot:2)
  6 kobold demonologists
  2 naga skeletons
  Maggie (D:6)
  A purple draconian zombie (Crypt:2)
  14 komodo dragons
  3 yaktaur skeletons
  A hellion (Depths:3)
  A tengu conjurer (Depths:3)
  2 tormentors
  7 freezing wraiths
  4 efreet
  30 yaktaurs
  2 red draconian skeletons
  A harpy zombie (Crypt:1)
  2 ice devils
  2 polar bears
  9 trolls
  A guardian mummy (Crypt:3)
  11 meliai
  A polar bear (shapeshifter) (D:15)
  A hellwing (Depths:2)
  A bloated husk (Swamp:1)
  16 hornets
  12 tyrant leeches
  A wind drake (shapeshifter) (Depths:1)
  Grinder (D:5)
  A tarantella (Elf:1)
  3 harpy skeletons
  3 blink frogs
  A great orb of eyes zombie (Crypt:3)
  8 dream sheep
  3 air elementals
  83 slime creatures
  3 jumping spiders
  A snapping turtle (shapeshifter) (Vaults:5)
  11 flying skulls
  A wind drake zombie (Crypt:3)
  An ice dragon skeleton (Crypt:3)
  2 centaur simulacra (Gauntlet)
  An ettin skeleton (Crypt:3)
  62 yaks
  Sigmund (D:4)
  8 water elementals
  2 culicivoras
  8 spriggans
  5 wraiths
  6 wyverns
  A basilisk (shapeshifter) (D:13)
  A ynoxinul (D:15)
  6 golden eyes
  4 fire elementals
  A fire bat (Abyss:2)
  9 basilisks
  3 neqoxecs
  2 steam dragons
  A human (Snake:4)
  A redback (Vaults:3)
  36 nagas
  A chaos spawn (Depths:2)
  Menkaure (D:5)
  A harpy simulacrum (Crypt:2)
  8 vampire mosquitoes
  3 wargs
  Edmund (D:6)
  A yaktaur simulacrum (Vaults:3)
  A naga zombie (Crypt:1)
  12 swamp worms
  A glowing shapeshifter zombie (Vaults:5)
  A faun zombie (Crypt:1)
  A floating eye (Snake:4)
  19 water moccasins
  2 hell hounds (Gauntlet)
  2 water nymph skeletons (Crypt:2)
  6 swamp drakes
  30 orc warriors
  2 ice beasts (D:7)
  A sky beast (D:8)
  A meliai simulacrum (D:13)
  A black bear (shapeshifter) (D:13)
  2 black bears
  A hornet zombie (Crypt:1)
  11 wolves
  A blink frog zombie (Crypt:3)
  18 centaurs
  A lindwurm skeleton (Crypt:3)
  8 ogres
  3 boggarts
  8 kobold brigands
  Blork the orc (D:4)
  14 bullfrogs
  3 earth elementals
  2 salamander zombies
  A gnoll sergeant (D:8)
  A cane toad simulacrum (Gauntlet)
  3 necrophages
  2 scorpions
  5 wights (D:8)
  A polar bear skeleton (Crypt:2)
  4 electric eels
  3 howler monkeys
  A shapeshifter skeleton (Crypt:3)
  A howler monkey (shapeshifter) (D:14)
  2 lava snakes
  A jelly (D:5)
  Crazy Yiuf (D:5)
  4 hounds
  10 orc priests
  A gnoll bouda (D:4)
  2 iron imps (Abyss:2)
  4 iguanas
  15 orc wizards
  Ijyb (D:5)
  A statue (D:7)
  13 mummies (Crypt:3)
  12 gnolls
  An adder (shapeshifter) (D:14)
  10 adders
  A river rat (Sewer)
  A shadow imp (Abyss:2)
  2 white imps
  A jelly zombie (Crypt:3)
  An adder skeleton (Crypt:1)
  8 worms
  4 dart slugs
  70 orcs
  7 ball pythons
  11 endoplasms
  A giant cockroach (D:2)
  6 hobgoblins
  3 jackals
  6 quokkas
  4 bats
  A dart slug zombie (Crypt:1)
  A frilled lizard (D:1)
  11 goblins
  A hobgoblin skeleton (Crypt:3)
  37 kobolds
  An orc skeleton (Crypt:1)
  14 rats
  A butterfly (Lair:2)
2337 creatures vanquished.

Vanquished Creatures (collateral kills)
  the Lernaean hydra (Swamp:4)
  A sphinx (Depths:4)
  An ironbound thunderhulk (Vaults:4)
  A deep elf death mage (Elf:3)
  A hydra (Swamp:4)
  A yaktaur captain (Vaults:2)
  A merfolk aquamancer (WizLab)
  A fire crab (Elf:1)
  A deep troll (Depths:4)
  A spriggan druid (WizLab)
  5 swamp dragons (Swamp:4)
  2 harpies (Vaults:1)
  2 ugly things (Vaults:4)
  2 vault sentinels
  6 yaktaurs
  A hornet (Swamp:2)
  A jumping spider (Elf:1)
  A hog (Elf:1)
  A swamp drake (Swamp:4)
  3 orc warriors (Snake:4)
  An orc priest (Snake:4)
  6 orcs (Snake:4)
41 creatures vanquished.

Vanquished Creatures (others)
  A deep elf knight (Elf:1)
  A deep elf zephyrmancer (Elf:1)
  2 yaktaurs (Vaults:3)
  A rime drake (Elf:1)
  2 bloated husks
  A draconian simulacrum (Zot:2)
  An air elemental (Elf:1)
  A moth of wrath simulacrum (Zot:2)
  A floating eye (Elf:1)
  A kobold brigand (D:13)
  An orc wizard (D:7)
  6 orcs
  2 foxfires (Swamp:3)
  75 spectral weapons
96 creatures vanquished.

Grand Total: 2474 creatures vanquished

Notes
Turn   | Place    | Note
-------+----------+-------------------------------------------
     0 | D:1      | Ubbricas the Demonspawn Fighter began the quest for the
                  | Orb.
     0 | D:1      | Reached XP level 1. HP: 18/18 MP: 1/1
   363 | D:1      | Gained mutation: You regenerate magic rapidly. [demonic
                  | ancestry]
   363 | D:1      | Reached XP level 2. HP: 24/24 MP: 2/2
  1107 | D:2      | Discovered your monstrous ancestry.
  1107 | D:2      | Gained mutation: You have a small tail. [demonic ancestry]
  1107 | D:2      | Reached XP level 3. HP: 29/29 MP: 3/3
  1331 | D:2      | Found a faded altar of an unknown god.
  1520 | D:3      | Reached XP level 4. HP: 35/35 MP: 4/4
  1674 | D:3      | Found a stormy altar of Qazlal.
  1976 | D:3      | Found a shimmering blue altar of Sif Muna.
  2651 | D:4      | Reached skill level 4 in Fighting
  2651 | D:4      | Gained mutation: You have a pair of small antennae on your
                  | head. [demonic ancestry]
  2651 | D:4      | Reached XP level 5. HP: 31/42 MP: 5/5
  2879 | D:4      | Noticed Sigmund
  2888 | D:4      | Killed Sigmund
  2889 | D:4      | Gained mutation: A meltable shield of frost defends you.
                  | (SH +4) [demonic ancestry]
  2889 | D:4      | Reached XP level 6. HP: 37/49 MP: 6/6
  3113 | D:4      | Noticed Blork the orc
  3129 | D:4      | Killed Blork the orc
  3130 | D:4      | Reached skill level 5 in Fighting
  3676 | D:5      | Entered Level 5 of the Dungeon
  3689 | D:5      | Reached XP level 7. HP: 56/56 MP: 7/7
  3751 | D:5      | Noticed Grinder
  3767 | D:5      | Killed Grinder
  3768 | D:5      | Reached skill level 5 in Armour
  3768 | D:5      | Reached skill level 5 in Shields
  3787 | D:5      | Noticed Ijyb
  3794 | D:5      | Killed Ijyb
  3984 | D:5      | Found a glowing drain.
  3989 | Sewer    | Entered a sewer
  4112 | Sewer    | Reached skill level 6 in Fighting
  4112 | Sewer    | Gained mutation: You have a pair of antennae on your head.
                  | [demonic ancestry]
  4112 | Sewer    | Reached XP level 8. HP: 64/64 MP: 8/8
  4737 | D:5      | Found a staircase to the Ecumenical Temple.
  4790 | Temple   | Entered the Ecumenical Temple
  5459 | D:5      | Reached skill level 1 in Stealth
  5522 | D:5      | Noticed Menkaure
  5527 | D:5      | Killed Menkaure
  5528 | D:5      | Reached skill level 1 in Short Blades
  5900 | D:5      | Found a runed translucent door.
  5901 | D:5      | Noticed Crazy Yiuf
  5909 | D:5      | Killed Crazy Yiuf
  6041 | D:6      | Noticed Maggie
  6052 | D:6      | Killed Maggie
  6053 | D:6      | Reached skill level 1 in Dodging
  6279 | D:6      | Noticed Edmund
  6297 | D:6      | Killed Edmund
  6298 | D:6      | Reached skill level 7 in Fighting
  6298 | D:6      | Gained mutation: When hurt, damage is shared between your
                  | health and your magic reserves. [demonic ancestry]
  6298 | D:6      | Reached XP level 9. HP: 43/72 MP: 9/9
  6757 | D:6      | Found the +7 Throatcutter {drain, coup de grace}
  6767 | D:6      | Identified the +1 pair of boots "Bolocux" {Fly rC- Dex+6}
  7116 | D:7      | Found a radiant altar of Vehumet.
  7436 | D:7      | Found a shimmering altar of Xom.
  7777 | D:8      | Found Dupnut's Neck Hole.
  7792 | D:8      | Noticed a boulder beetle
  7817 | D:8      | Killed a boulder beetle
  7818 | D:8      | Reached skill level 5 in Short Blades
  7818 | D:8      | Reached skill level 5 in Stealth
  7907 | D:8      | Noticed an unseen horror
  7914 | D:8      | Found an ancient bone altar of Kikubaaqudgha.
  7920 | D:8      | Killed an unseen horror
  7921 | D:8      | Gained mutation: Your touch may inflict minor irresistible
                  | damage on your foes. [demonic ancestry]
  7921 | D:8      | Reached XP level 10. HP: 67/80 MP: 8/10
  8971 | D:9      | Found Fyfic's General Store.
  8972 | D:9      | Noticed a two-headed ogre
  8989 | D:9      | Found a transporter.
  9028 | D:9      | Reached skill level 8 in Fighting
  9645 | D:9      | Found a transporter.
  9776 | D:9      | Found a shadowy altar of Dithmenos.
  9789 | D:9      | Found a staircase to the Lair.
 10032 | D:9      | Bought a scroll of identify for 28 gold pieces
 10067 | D:9      | Killed a two-headed ogre
 10088 | D:8      | Reached XP level 11. HP: 83/87 MP: 11/11
 10576 | D:9      | Found a hide-covered altar of Uskayaw.
 10797 | D:10     | Entered Level 10 of the Dungeon
 10807 | D:10     | Found a burning altar of Makhleb.
 10964 | D:10     | Noticed a two-headed ogre
 10996 | D:10     | Killed a two-headed ogre
 10997 | D:10     | Reached skill level 5 in Dodging
 11356 | D:10     | Found a snail-covered altar of Cheibriados.
 11443 | D:10     | Found a sparkling altar of Nemelex Xobeh.
 11473 | D:10     | Became a worshipper of Nemelex Xobeh the Trickster
 11581 | D:10     | Noticed a seven-headed hydra
 11770 | D:10     | Reached skill level 1 in Invocations
 11857 | Lair:1   | Entered Level 1 of the Lair of Beasts
 12015 | Lair:1   | Identified a scroll of acquirement
 12015 | Lair:1   | Acquired a manual of Stealth
 12069 | Lair:1   | Reached skill level 9 in Fighting
 12369 | Lair:1   | Reached * piety under Nemelex Xobeh
 12542 | Lair:1   | Received a gift from Nemelex Xobeh
 13011 | Lair:2   | Reached skill level 5 in Invocations
 13159 | Lair:2   | Noticed a four-headed hydra
 13171 | Lair:2   | Killed a four-headed hydra
 13336 | Lair:2   | Noticed an eight-headed hydra
 13431 | Lair:2   | Found a staircase to the Swamp.
 13437 | Lair:2   | You are sucked into a shaft and drop 1 floor!
 13947 | Lair:2   | Gained mutation: You have a pair of large antennae on your
                  | head. (SInv) [demonic ancestry]
 13947 | Lair:2   | Reached XP level 12. HP: 96/96 MP: 15/17
 14073 | Lair:2   | Reached ** piety under Nemelex Xobeh
 14085 | Lair:2   | Reached skill level 10 in Stealth
 14111 | Lair:2   | Noticed an eight-headed hydra
 14422 | Lair:3   | Found a transporter.
 14486 | Lair:3   | Noticed dontdoit's ghost (journeyman AtCj)
 14497 | Lair:3   | Found a transporter.
 14530 | Lair:3   | Reached skill level 10 in Fighting
 14738 | Lair:3   | Noticed a six-headed hydra
 14783 | Lair:3   | Found a snail-covered altar of Cheibriados.
 15314 | Lair:3   | Reached skill level 10 in Invocations
 15314 | Lair:3   | Noticed a boulder beetle
 15325 | Lair:3   | Killed a boulder beetle
 15648 | Lair:4   | Reached XP level 13. HP: 104/104 MP: 20/20
 16362 | Lair:4   | Identified the +5 trident of Trauma {flame, Str+3}
 16710 | Lair:4   | Identified the +10 dagger "Yclaotet" {vamp, *Noise Will++
                  | Int+3}
 16768 | Lair:4   | Reached *** piety under Nemelex Xobeh
 16903 | Lair:5   | Entered Level 5 of the Lair of Beasts
 17128 | Lair:5   | Reached skill level 11 in Fighting
 17268 | Lair:5   | Received a gift from Nemelex Xobeh
 17509 | Lair:5   | Found a staircase to the Slime Pits.
 17654 | Lair:5   | Received a gift from Nemelex Xobeh
 17819 | Lair:5   | Found a runed translucent door.
 17819 | Lair:5   | Noticed a fire dragon
 17850 | Lair:5   | Killed a fire dragon
 18059 | Lair:5   | Reached skill level 10 in Short Blades
 18358 | Lair:5   | Paralysed by a hornet for 1 turns
 18561 | Lair:5   | Learned a level 2 spell: Wereblood
 18567 | Lair:5   | Learned a level 5 spell: Yara's Violent Unravelling
 19056 | Lair:2   | Found a staircase to the Snake Pit.
 19056 | Lair:2   | Reached **** piety under Nemelex Xobeh
 19200 | Lair:2   | Reached skill level 1 in Hexes
 19216 | Lair:2   | Reached skill level 1 in Spellcasting
 19715 | D:11     | Received a gift from Nemelex Xobeh
 19736 | D:11     | Gained mutation: When low on magic, you restore magic in
                  | place of health. [demonic ancestry]
 19736 | D:11     | Reached XP level 14. HP: 107/113 MP: 21/23
 19856 | D:11     | Found a staircase to the Orcish Mines.
 20118 | D:11     | Reached skill level 1 in Transmutations
 20511 | D:12     | Received a gift from Nemelex Xobeh
 20745 | D:12     | Noticed Nergalle
 20829 | Orc:1    | Entered Level 1 of the Orcish Mines
 20971 | Orc:1    | Found a radiant altar of Vehumet.
 20993 | Orc:1    | Found Ypaih's Assorted Antiques.
 21220 | Orc:1    | Found Jiuff's Assorted Antiques.
 21224 | Orc:1    | Bought a scroll labelled DYACSA WISELU for 31 gold pieces
 21564 | Orc:2    | Entered Level 2 of the Orcish Mines
 21564 | Orc:2    | Found a staircase to the Elven Halls.
 22242 | Orc:2    | Received a gift from Nemelex Xobeh
 22297 | Orc:2    | Found Joocut's Weapon Shop.
 22507 | Orc:2    | Reached ***** piety under Nemelex Xobeh
 22643 | Orc:2    | Found Homum's General Store.
 22643 | Orc:2    | Found Meontegi's General Store.
 22645 | Orc:2    | Found Buekk's Armour Boutique.
 22647 | Orc:2    | Found Wiyghus's Magic Scroll Shoppe.
 22661 | Orc:2    | Bought a scroll of acquirement for 624 gold pieces
 22661 | Orc:2    | Acquired 1173 gold pieces
 22662 | Orc:2    | Acquired the +7 quick blade of Painful Death {spect, *Noise
                  | rPois rC+ rN+++}
 22667 | Orc:2    | Bought a scroll of identify for 24 gold pieces
 22667 | Orc:2    | Bought a scroll of teleportation for 36 gold pieces
 22667 | Orc:2    | Bought 3 curare-tipped darts for 43 gold pieces
 22667 | Orc:2    | Bought a potion of mutation for 96 gold pieces
 22675 | Orc:2    | Bought a scroll of fear for 64 gold pieces
 22675 | Orc:2    | Bought a scroll of fog for 64 gold pieces
 22947 | Lair:3   | Killed dontdoit's ghost
 23324 | D:9      | Identified the staff "Brush" {Fly rC+ rN++ Will- Stlth+
                  | Ice}
 23547 | D:12     | Killed Nergalle
 23986 | D:12     | Received a gift from Nemelex Xobeh
 24256 | D:13     | Noticed Rupert
 24258 | D:13     | Banished Rupert
 24799 | D:13     | Found a transporter.
 24811 | D:13     | Found a transporter.
 24820 | D:13     | Noticed Dega's ghost (journeyman SpHu)
 24953 | D:14     | Received a gift from Nemelex Xobeh
 25031 | D:14     | Found a gate leading to a gauntlet.
 25040 | Gauntlet | Entered a Gauntlet
 25040 | Gauntlet | Found a transporter.
 25040 | Gauntlet | Found a transporter.
 25044 | Gauntlet | Found a runed translucent door.
 25049 | Gauntlet | Found a transporter.
 25051 | Gauntlet | Found a runed translucent door.
 25052 | Gauntlet | Found a transporter.
 25055 | Gauntlet | Found a transporter.
 25055 | Gauntlet | Found a transporter.
 25072 | Gauntlet | Received a gift from Nemelex Xobeh
 25102 | Gauntlet | Found a transporter.
 25103 | Gauntlet | Found a transporter.
 25103 | Gauntlet | Found a transporter.
 25120 | Gauntlet | Found a transporter.
 25137 | Gauntlet | Found a transporter.
 25147 | Gauntlet | Found a transporter.
 25162 | Gauntlet | Found a transporter.
 25187 | Gauntlet | Found a transporter.
 25284 | Gauntlet | Gained mutation: You have a tail ending in a sharp stinger.
                  | [demonic ancestry]
 25284 | Gauntlet | Reached XP level 15. HP: 113/120 MP: 25/25
 25307 | Gauntlet | Identified the ring "Put-Me-On" {Contam Str+4 Int+4 Dex+6}
 25335 | Gauntlet | Reached skill level 5 in Hexes
 25579 | Gauntlet | Identified the ring "Lar Xauq" {*Slow rPois AC+4 Str+3}
 25642 | Gauntlet | Identified the +8 falchion "Zyame" {venom, MP+9 Int-3 SInv}
 25663 | Gauntlet | Learned a level 6 spell: Statue Form
 25878 | D:14     | Reached skill level 12 in Fighting
 26487 | D:14     | Noticed Frances
 26498 | D:14     | Killed Frances
 26499 | D:14     | Reached skill level 1 in Earth Magic
 26507 | D:14     | Found Jasuadij's Armour Shop.
 26712 | D:14     | Reached skill level 5 in Spellcasting
 26722 | D:14     | Found a gate to the Vaults.
 26733 | D:14     | Received a gift from Nemelex Xobeh
 26883 | D:15     | Entered Level 15 of the Dungeon
 27180 | D:15     | Found a staircase to the Depths.
 27286 | D:15     | Reached skill level 1 in Evocations
 27561 | D:15     | Received a gift from Nemelex Xobeh
 27644 | D:15     | Reached skill level 15 in Invocations
 28086 | Snake:1  | Entered Level 1 of the Snake Pit
 28850 | Snake:1  | Reached skill level 5 in Transmutations
 28952 | Snake:1  | Acquired the ring "Mafuilon" {+Blink rF+ rC+++ Str-5 Int+6}
 28964 | Snake:1  | Learned a level 7 spell: Enfeeble
 28968 | Snake:1  | Received a gift from Nemelex Xobeh
 29161 | Snake:1  | Received a gift from Nemelex Xobeh
 29668 | Snake:2  | Gained mutation: Your touch may inflict irresistible damage
                  | on your foes. [demonic ancestry]
 29668 | Snake:2  | Reached XP level 16. HP: 28/129 MP: 1/27
 29986 | Swamp:1  | Entered Level 1 of the Swamp
 29986 | Swamp:1  | Found a transporter.
 30017 | Swamp:1  | Noticed a tentacled monstrosity
 30264 | Swamp:1  | Received a gift from Nemelex Xobeh
 30314 | Swamp:1  | Found a transporter.
 30319 | Swamp:1  | Noticed a thorn hunter
 30991 | Swamp:2  | Received a gift from Nemelex Xobeh
 31013 | Swamp:2  | Reached ****** piety under Nemelex Xobeh
 31025 | Swamp:2  | Identified the -1 long sword of Igeb {heavy, rElec}
 31041 | Swamp:2  | Reached skill level 5 in Earth Magic
 31525 | Swamp:2  | Received a gift from Nemelex Xobeh
 32338 | Swamp:4  | Entered Level 4 of the Swamp
 32338 | Swamp:4  | Received a gift from Nemelex Xobeh
 32902 | Swamp:4  | Noticed the 27-headed Lernaean hydra
 32903 | Swamp:4  | Killed the 27-headed Lernaean hydra
 33269 | Swamp:4  | Received a gift from Nemelex Xobeh
 33274 | Swamp:4  | Gained mutation: You have a sharp stinger which inflicts
                  | weakening toxins. [demonic ancestry]
 33274 | Swamp:4  | Reached XP level 17. HP: 131/135 MP: 26/28
 33340 | Swamp:4  | Got a decaying rune of Zot
 33914 | Snake:2  | Received a gift from Nemelex Xobeh
 34078 | Snake:2  | Noticed Aizul
 34116 | Snake:2  | Killed Aizul
 34618 | Snake:3  | Identified the +9 whip "Cuwnelyn" {spect, rPois rF+ Will++}
 34664 | Snake:3  | Received a gift from Nemelex Xobeh
 35572 | Snake:4  | Entered Level 4 of the Snake Pit
 35691 | Snake:4  | Received a gift from Nemelex Xobeh
 35711 | Snake:4  | Reached skill level 10 in Transmutations
 35776 | Snake:4  | Noticed Saint Roka
 35787 | Snake:4  | Killed Saint Roka
 36118 | Snake:4  | Noticed Asterion
 36123 | Snake:4  | Killed Asterion
 36545 | Snake:4  | Reached skill level 10 in Earth Magic
 36597 | Snake:4  | Got a serpentine rune of Zot
 36680 | Snake:4  | Received a gift from Nemelex Xobeh
 36813 | Snake:4  | Gained mutation: A meltable icy envelope protects you from
                  | harm. (AC +8) [demonic ancestry]
 36813 | Snake:4  | Reached XP level 18. HP: 56/141 MP: 11/30
 37675 | Elf:1    | Entered Level 1 of the Elven Halls
 37869 | Elf:1    | Gained mutation: You are vulnerable to heat. (rF-)
                  | [mutagenic glow]
 37881 | Elf:1    | Gained mutation: You are weak. (Str -2) [mutagenic glow]
 37897 | Elf:1    | Gained mutation: You are very weak. (Str -4) [mutagenic
                  | glow]
 37903 | Elf:1    | Gained mutation: You are dopey. (Int -2) [mutagenic glow]
 37947 | Elf:1    | Paralysed by an air elemental for 1 turns
 37983 | Elf:1    | Lost mutation: You are vulnerable to heat. (rF-) [potion of
                  | mutation]
 37983 | Elf:1    | Lost mutation: You are dopey. (Int -2) [potion of mutation]
 37983 | Elf:1    | Gained mutation: You are agile. (Dex +4, Str/Int -1)
                  | [potion of mutation]
 38197 | Orc:1    | Bought a potion of mutation for 208 gold pieces
 38197 | Orc:1    | Lost mutation: You are very weak. (Str -4) [potion of
                  | mutation]
 38197 | Orc:1    | Lost mutation: You are weak. (Str -2) [potion of mutation]
 38197 | Orc:1    | Gained mutation: You have hidden genetic potential. [potion
                  | of mutation]
 38197 | Orc:1    | Gained mutation: You are partially covered in iridescent
                  | scales. (AC +2) [potion of mutation]
 38428 | Elf:1    | You fall into a shaft and drop 1 floor!
 38460 | Elf:2    | HP: 9/183 [deep elf knight/shard of ice (16)]
 38604 | Elf:1    | Received a gift from Nemelex Xobeh
 38827 | Elf:1    | Received a gift from Nemelex Xobeh
 38832 | Elf:1    | Found a shimmering blue altar of Sif Muna.
 38840 | Elf:1    | Identified the amulet of Fasatwest {RegenMP Rampage rPois
                  | Str-4 Int+6}
 38978 | Vaults:1 | Entered Level 1 of the Vaults
 39289 | Vaults:1 | Identified the +0 leather armour "Heitoic" {rElec rF+}
 39470 | Vaults:1 | Found Holefa's Armour Shoppe.
 39472 | Vaults:1 | Received a gift from Nemelex Xobeh
 39791 | Vaults:1 | Gained mutation: Your magical and physical power is
                  | slightly enhanced at high health. [demonic ancestry]
 39791 | Vaults:1 | Reached XP level 19. HP: 148/148 MP: 27/32
 40234 | Vaults:1 | Received a gift from Nemelex Xobeh
 40506 | Vaults:2 | Identified the +3 executioner's axe of Bloodstone {pain,
                  | rF+}
 40506 | Vaults:2 | Identified the +0 trident "Commem" {vamp, rElec rF- Stlth+}
 40512 | Vaults:2 | Noticed Sojobo
 40519 | Vaults:2 | Paralysed by an air elemental for 1 turns
 40524 | Vaults:2 | Paralysed by an air elemental for 1 turns
 40526 | Vaults:2 | Killed Sojobo
 40860 | Vaults:2 | Found a staircase to the Crypt.
 40869 | Vaults:2 | Paralysed by a vampire knight for 4 turns
 41080 | Vaults:2 | Noticed Mara
 41083 | Vaults:2 | Noticed Ubbricas's illusion
 41093 | Vaults:2 | Killed Mara
 41103 | Vaults:2 | Gained mutation: You are mostly covered in iridescent
                  | scales. (AC +4) [hidden potential]
 41316 | Vaults:2 | Reached skill level 13 in Fighting
 41327 | Vaults:2 | Reached skill level 10 in Spellcasting
 41390 | Vaults:2 | Received a gift from Nemelex Xobeh
 42527 | Vaults:3 | Found Menagath's Antique Weapon Shoppe.
 42678 | Vaults:3 | Received a gift from Nemelex Xobeh
 42690 | Vaults:3 | Found a magical portal.
 42695 | WizLab   | Entered Alistair's Party Mansion
 43147 | WizLab   | Got Alistair's Handbook of Changed Putrescence
 43327 | Vaults:3 | Acquired the +7 Spriggan's Knife {stab, EV+4 Stlth+}
 43327 | Vaults:3 | Found the +7 Spriggan's Knife {stab, EV+4 Stlth+}
 43469 | Vaults:3 | Reached skill level 10 in Dodging
 43691 | Vaults:3 | Gained mutation: Your touch may irresistibly damage your
                  | foes and sap their willpower. [demonic ancestry]
 43691 | Vaults:3 | Reached XP level 20. HP: 131/157 MP: 18/34
 43804 | Vaults:3 | Received a gift from Nemelex Xobeh
 43840 | Vaults:3 | Acquired the +3 pair of seven-league boots {Rampage+∞}
 43840 | Vaults:3 | Found the +3 pair of seven-league boots {Rampage+∞}
 44133 | Vaults:3 | Reached skill level 15 in Stealth
 44716 | Vaults:4 | Received a gift from Nemelex Xobeh
 44825 | Vaults:4 | Gained mutation: You are completely covered in iridescent
                  | scales. (AC +6) [hidden potential]
 44825 | Vaults:4 | Lost mutation: You have hidden genetic potential. [hidden
                  | potential expressed]
 44864 | Vaults:4 | Reached skill level 14 in Fighting
 44975 | Vaults:4 | Identified the ring of Zaziysum {*Slow rF++ rN+ Dex+6 SInv}
 45246 | Abyss:2  | Cast into level 2 of the Abyss (a wizard)
 45311 | Abyss:2  | Found a corrupted altar of Lugonu.
 45434 | Abyss:2  | Received a gift from Nemelex Xobeh
 45476 | Abyss:2  | Found a corrupted altar of Lugonu.
 45528 | Abyss:2  | Noticed a bone dragon
 45539 | Abyss:2  | Killed a bone dragon
 45546 | Vaults:4 | Escaped the Abyss
 46614 | Vaults:4 | Received a gift from Nemelex Xobeh
 46959 | Elf:1    | Found Jiosi's Book Shop.
 46982 | Elf:1    | Paralysed by an air elemental for 1 turns
 46985 | Elf:1    | Paralysed by an air elemental for 1 turns
 47450 | Elf:2    | Reached XP level 21. HP: 128/166 MP: 14/35
 47818 | Elf:2    | Found a runed translucent gate.
 47819 | Elf:2    | Found a runed translucent gate.
 47819 | Elf:2    | Found a runed translucent gate.
 47867 | Elf:3    | Entered Level 3 of the Elven Halls
 47871 | Elf:3    | Received a gift from Nemelex Xobeh
 47934 | Elf:3    | Noticed Think's ghost (adept OpFi)
 47934 | Elf:3    | Found a runed translucent gate.
 47935 | Elf:3    | Found a runed translucent gate.
 47936 | Elf:3    | Found a runed translucent gate.
 47936 | Elf:3    | Identified the ring of Nyleovuh {rCorr Int-3 Dex+2 Slay+3}
 48013 | Elf:3    | Paralysed by an air elemental for 1 turns
 48095 | Elf:3    | Found Tonos's Gadget Gallery.
 48210 | Elf:3    | Received a gift from Nemelex Xobeh
 48222 | Elf:3    | Identified the +0 scale mail "Qevoce Cogu" {Fly rPois rC-
                  | Str-5}
 48377 | Elf:3    | Found Vykizurphi's Assorted Antiques.
 48385 | Elf:3    | Bought a transparent staff for 324 gold pieces
 48385 | Elf:3    | Identified the staff "Naicihur" {rElec rF+ rC+ rN+ Ice}
                  | (You bought it in a shop on level 3 of the Elven Halls)
 48385 | Elf:3    | Bought a potion of ambrosia for 216 gold pieces
 48596 | Elf:3    | Reached skill level 15 in Fighting
 49068 | Elf:3    | Identified the +0 robe of Tempters {Str+6 Slay+3}
 49096 | Elf:3    | Identified the +2 robe "Cyrot" {Slay+3}
 49096 | Elf:3    | Identified the +6 short sword of Nyupn {freeze, Str+2}
 49098 | Abyss:2  | Cast into level 2 of the Abyss (a deep elf demonologist)
 49109 | Abyss:2  | Received a gift from Nemelex Xobeh
 49116 | Abyss:2  | Killed Rupert
 49191 | Abyss:2  | Received a gift from Nemelex Xobeh
 49207 | Elf:3    | Escaped the Abyss
 49384 | Elf:3    | Identified the +1 scimitar "Vustrotz" {venom, Str+3}
 49474 | Elf:3    | Got Sif Muna's Vademecum on the Escort and Guile
 49477 | Elf:3    | Identified the staff "Taesecume" {rElec Conj}
 49478 | Elf:3    | Identified the ring "Dyosirch" {rC+ rN+ Dex+8}
 49498 | Elf:3    | Identified the +4 ring mail "Voejid" {Will+ Int+4 Slay+2}
 49523 | Elf:3    | Identified the +4 chain mail of Fortification {rC+}
 49524 | Elf:3    | Identified the staff "Hafomaze" {rC+ Int+3 Conj Air}
 49580 | Elf:3    | Identified the staff "Bantosux" {rElec rN+++ Str-5 Dex-2
                  | Earth}
 49583 | Elf:3    | Identified the +1 short sword of Abomination {protect,
                  | *Noise *Slow rF+++ Str+7}
 49693 | Elf:3    | Reached skill level 10 in Hexes
 49741 | Elf:3    | Killed Think's ghost
 50286 | D:13     | Killed Dega's ghost
 50287 | D:13     | Reached skill level 15 in Transmutations
 50445 | Crypt:1  | Entered Level 1 of the Crypt
 50672 | Crypt:1  | Noticed Boris
 50692 | Crypt:1  | Killed Boris
 51156 | Crypt:1  | Learned a level 5 spell: Lee's Rapid Deconstruction
 51280 | Crypt:1  | Received a gift from Nemelex Xobeh
 51534 | Crypt:1  | You fall into a shaft and drop 1 floor!
 51626 | Crypt:2  | Gained mutation: Your magical and physical power is
                  | enhanced at high health. [demonic ancestry]
 51626 | Crypt:2  | Reached XP level 22. HP: 171/177 MP: 37/37
 51652 | Crypt:2  | Paralysed by a vampire knight for 3 turns
 52058 | Crypt:2  | Found a one-way gate to the infinite horrors of the Abyss.
 52338 | Crypt:2  | Reached skill level 16 in Fighting
 52609 | Crypt:1  | Received a gift from Nemelex Xobeh
 52788 | Crypt:3  | Entered Level 3 of the Crypt
 52957 | Crypt:3  | Found a staircase to the Tomb.
 53386 | Crypt:3  | Noticed a royal mummy
 53387 | Crypt:3  | Noticed Khufu
 53387 | Crypt:3  | Noticed a royal mummy
 53640 | Crypt:3  | Received a gift from Nemelex Xobeh
 54081 | Crypt:3  | Noticed an ancient lich
 54154 | Crypt:3  | Killed a royal mummy
 54173 | Crypt:3  | Killed Khufu
 54178 | Crypt:3  | Killed a royal mummy
 54639 | Crypt:3  | Noticed an ancient lich
 54646 | Crypt:3  | Killed an ancient lich
 54685 | Crypt:3  | Killed an ancient lich
 54691 | Crypt:3  | Identified the +9 short sword of the Six Places {protect,
                  | rC+ Str+2}
 54693 | Crypt:3  | Got Kikubaaqudgha's Secrets of Corpses
 54699 | Crypt:3  | Identified the +2 helmet of Existentialism {Harm rN+ Int+3}
 54706 | Crypt:3  | Identified the +5 scale mail of Tyfid {rElec Str+3 Int+4}
 54734 | Crypt:3  | Identified the staff "Wainn" {rPois rC- Will+++ rCorr SInv
                  | Poison}
 54947 | Depths:1 | Entered Level 1 of the Depths
 55160 | Depths:1 | Found a one-way gateway to a ziggurat.
 55215 | Depths:1 | Received a gift from Nemelex Xobeh
 55286 | Depths:1 | Found a gateway to Hell.
 55592 | Depths:1 | Found a runed translucent door.
 55705 | Depths:1 | Noticed Boris
 55713 | Depths:1 | Killed Boris
 55717 | Depths:1 | Learned a level 2 spell: Blink
 55953 | Depths:2 | Found a one-way gate leading to the halls of Pandemonium.
 55983 | Depths:2 | Received a gift from Nemelex Xobeh
 56098 | Depths:2 | Noticed a golden dragon
 56102 | Depths:2 | Killed a golden dragon
 56251 | Depths:2 | Noticed Nikola
 56258 | Depths:2 | Killed Nikola
 56310 | Depths:2 | Gained mutation: A meltable icy envelope protects you from
                  | harm. (AC +8) [demonic ancestry]
 56310 | Depths:2 | Reached XP level 23. HP: 69/186 MP: 24/39
 56713 | Depths:2 | Reached skill level 17 in Fighting
 56731 | Depths:2 | Received a gift from Nemelex Xobeh
 56926 | Depths:1 | Identified the +6 quarterstaff of the Saviour {venom, rElec
                  | Will- SInv}
 57181 | Depths:3 | Received a gift from Nemelex Xobeh
 57631 | Depths:3 | Received a gift from Nemelex Xobeh
 58162 | Depths:3 | Received a gift from Nemelex Xobeh
 58306 | Depths:2 | Identified the amulet "Guxocveu" {Spirit rN+ rCorr MP-9}
 58541 | Depths:3 | Found a sparkling altar of Nemelex Xobeh.
 58541 | Depths:3 | Noticed Parghit
 58549 | Depths:3 | Killed Parghit
 58801 | Depths:4 | Entered Level 4 of the Depths
 58815 | Depths:4 | Noticed Boris
 59167 | Depths:4 | Killed Boris
 59752 | Depths:4 | Found Qokheena's Jewellery Boutique.
 59752 | Depths:4 | Found Poefeicw's Book Shoppe.
 59753 | Depths:4 | Found Izuuqitiqo's Jewellery Boutique.
 59962 | Depths:4 | Found a gate to the Realm of Zot.
 60614 | Slime:1  | Entered Level 1 of the Pits of Slime
 60635 | Slime:1  | Gained mutation: Your magical and physical power is greatly
                  | enhanced at high health. [demonic ancestry]
 60635 | Slime:1  | Reached XP level 24. HP: 178/197 MP: 30/39
 60649 | Slime:1  | Reached skill level 18 in Fighting
 60918 | Slime:2  | Received a gift from Nemelex Xobeh
 61574 | Slime:5  | Entered Level 5 of the Pits of Slime
 61576 | Slime:5  | Upgraded the game from 0.31-a0-229-g1fc7ce9 to
                  | 0.31-a0-232-gb1c03b2
 61747 | Slime:5  | Lost mutation: You are agile. (Dex +4, Str/Int -1) [a
                  | shining eye]
 62017 | Slime:5  | Noticed the Royal Jelly
 62298 | Slime:5  | Received a gift from Nemelex Xobeh
 62637 | Slime:5  | Killed the Royal Jelly
 62644 | Slime:5  | a rockslime changed into a juggernaut
 62644 | Slime:5  | Noticed a juggernaut
 62651 | Slime:5  | Killed a juggernaut
 62888 | Slime:5  | Found the +0 pair of fencer's gloves {Riposte Dex+3}
 62911 | Slime:5  | Identified the +6 arbalest of Hefoem {antimagic, rF+}
 62960 | Slime:5  | Identified the staff of Purpose {rN+ Will- MP+9 Str+3 Int+6
                  | Necro}
 62966 | Slime:5  | Got a slimy rune of Zot
 62978 | Slime:5  | Identified the +1 scimitar "Sud Zock" {flame, rElec}
 63003 | Slime:5  | Identified the ring of Skepticism {Fly rPois Will- rCorr}
 63004 | Slime:5  | Identified the +8 flail "Yghiwk" {vamp, Fly rElec rC- rN+}
 63497 | Swamp:1  | Identified the +8 demon whip of Change {freeze, Int+2}
 63500 | Swamp:1  | Got the Treatise on Heated Concussion
 63853 | Vaults:5 | Entered Level 5 of the Vaults
 63965 | Vaults:5 | Reached skill level 10 in Armour
 63998 | Vaults:5 | Reached skill level 19 in Fighting
 64038 | Vaults:5 | Identified the amulet "Zuisiovuvu" {Acrobat Int+8}
 64066 | Vaults:5 | Identified the +9 mace "Soretiv" {drain, rCorr Str-4 SInv
                  | Stlth+}
 64177 | Vaults:5 | Reached XP level 25. HP: 207/208 MP: 39/40
 64331 | Vaults:5 | Identified the +10 dagger "Uthu" {freeze, rElec Str+3}
 64362 | Vaults:5 | Reached skill level 15 in Hexes
 64534 | Vaults:5 | Received a gift from Nemelex Xobeh
 64559 | Vaults:5 | Identified the +3 leather armour of Daisies {+Blink rPois
                  | rF+ Str-5}
 64569 | Vaults:5 | Identified the +6 sling of Icezxaf {drain, Drain Fragile
                  | Int+7}
 64592 | Vaults:5 | Noticed a dread lich
 64594 | Vaults:5 | Killed a dread lich
 64768 | Vaults:5 | Identified the +10 whip of Sudden Death {protect, rPois rC+
                  | rCorr Str-5}
 64860 | Vaults:5 | Found Itonuna's General Store.
 64864 | Vaults:5 | Reached skill level 20 in Fighting
 65194 | Vaults:5 | Got a silver rune of Zot
 65442 | Vaults:5 | Received a gift from Nemelex Xobeh
 65466 | Vaults:5 | Learned a level 5 spell: Borgnjor's Vile Clutch
 65466 | Vaults:5 | Upgraded the game from 0.31-a0-232-gb1c03b2 to
                  | 0.31-a0-233-g139696d
 65846 | Zot:1    | Entered Level 1 of the Realm of Zot
 65860 | Zot:1    | Reached skill level 1 in Necromancy
 66107 | Zot:1    | Noticed an orb of fire
 66683 | Zot:1    | Killed an orb of fire
 66743 | Zot:1    | Received a gift from Nemelex Xobeh
 67182 | Zot:2    | Identified the ring "Reuned" {rElec rPois Will+ rCorr
                  | Str+3}
 67241 | Zot:2    | Received a gift from Nemelex Xobeh
 67253 | Zot:2    | Reached XP level 26. HP: 207/220 MP: 23/41
 67628 | Zot:2    | Identified the ring "Rop Guih" {Ice MP-9 Dex+5 SInv}
 67628 | Zot:2    | Noticed Josephina
 67657 | Zot:2    | Killed Josephina
 67818 | Zot:2    | Reached skill level 21 in Fighting
 68242 | Zot:3    | Reached skill level 15 in Spellcasting
 68249 | Zot:3    | Noticed Vv
 68262 | Zot:3    | Killed Vv
 68403 | Zot:3    | Received a gift from Nemelex Xobeh
 68621 | Zot:3    | Reached skill level 15 in Dodging
 68710 | Zot:3    | Received a gift from Nemelex Xobeh
 69800 | Zot:4    | Reached skill level 22 in Fighting
 69876 | Zot:4    | Received a gift from Nemelex Xobeh
 70029 | Zot:4    | Identified the +6 plate armour "Ogeocw" {rF++ rN++ Stlth+}
 70137 | Zot:5    | Entered Level 5 of the Realm of Zot
 71021 | Zot:5    | Noticed an ancient lich
 71058 | Zot:5    | Killed an ancient lich
 71059 | Zot:5    | Reached skill level 23 in Fighting
 71239 | Zot:5    | Noticed an orb of fire
 71294 | Zot:5    | Gained mutation: You occasionally lose the ability to read
                  | scrolls when taking damage. [an orb of fire]
 71306 | Zot:5    | Killed an orb of fire
 71345 | Zot:5    | Lost mutation: You are completely covered in iridescent
                  | scales. (AC +6) [potion of mutation]
 71345 | Zot:5    | Lost mutation: You occasionally lose the ability to read
                  | scrolls when taking damage. [potion of mutation]
 71345 | Zot:5    | Lost mutation: You are mostly covered in iridescent scales.
                  | (AC +4) [potion of mutation]
 71345 | Zot:5    | Gained mutation: You possess an exceptional clarity of
                  | mind. [potion of mutation]
 71345 | Zot:5    | Gained mutation: Your system is resistant to poisons.
                  | (rPois) [potion of mutation]
 71345 | Zot:5    | Gained mutation: You are frail. (-10% HP) [potion of
                  | mutation]
 71345 | Zot:5    | Gained mutation: You passively map a small area around you.
                  | [potion of mutation]
 71447 | Zot:5    | Noticed an orb of fire
 71468 | Zot:5    | Killed an orb of fire
 71900 | Zot:5    | Noticed a dread lich
 71913 | Zot:5    | Killed a dread lich
 71914 | Zot:5    | Reached skill level 24 in Fighting
 72028 | Zot:5    | Received a gift from Nemelex Xobeh
 72046 | Zot:5    | Reached XP level 27. HP: 214/214 MP: 36/42
 72063 | Zot:5    | Noticed an orb of fire
 72063 | Zot:5    | Noticed an ancient lich
 72064 | Zot:5    | Noticed an orb of fire
 72064 | Zot:5    | Noticed an ancient lich
 72068 | Zot:5    | Got the Orb of Zot
 72188 | Zot:1    | Noticed Miovevy the pandemonium lord
 72201 | Zot:1    | Killed Miovevy the pandemonium lord
 72351 | Depths:1 | Noticed Osopsoph the pandemonium lord
 72677 | D:1      | Noticed Boris
 72686 | D:1      | Killed Boris
 72724 | D:$      | Escaped with the Orb!

Illustrated notes

Levels and vault maps discovered:
D:1:      dpeg_arrival_erosion, layout_loops_corners
D:2:      layout_rooms, chequers_ecumenical_altar_simple
D:3:      layout_loops_corners, nicolae_qazlal_general_emergency,
          mainiacjoe_overflow_small_starburst, minmay_misc_feat_chi,
          minmay_increasing_density
D:4:      layout_loops_ring, kennysheep_generic_room_2, uniq_blork_the_orc,
          uniq_sigmund
D:5:      layout_rooms, minmay_temple_entry_slanted, gup_sewer_entry_spiral,
          grunt_decor_mini_mirrors, uniq_ijyb, uniq_crazy_yiuf_cottage,
          uniq_grinder, uniq_menkaure
D:6:      layout_loops_corners, uniq_maggie, uniq_edmund
D:7:      layout_loops_ring, kennysheep_mini, lemuel_round_altar, vehumet_statue
D:8:      corexii_shack_village, layout_loops_corners,
          lemuel_coloured_pillars_altar, nicolae_shop_sticking_my_neck_out
D:9:      gammafunk_beogh_shrine, layout_cross, nicolae_uskayaw_suspiria,
          mainiacjoe_overflow_alcove_2, minmay_lair_entry_grove, serial_shops,
          shop, minivault_8
D:10:     layout_stronghold, kennysheep_slug_shrine,
          mainiacjoe_overflow_six_doors_small,
          mainiacjoe_overflow_concentric_impassable, kennysheep_cross_bottleneck
D:11:     layout_small_grid, orc_0_dummy, chequers_serial_rivers_micro_e,
          nicolae_underground_beach
D:12:     layout_loops_ring, nicolae_elevator_lobby_plus, uniq_nergalle
D:13:     layout_rooms, nzn_ghost_randoct, uniq_rupert
D:14:     layout_small_grid, lightli_vaults_fourway_checkpoint,
          gauntlet_entry_generic, serial_rivers, chequers_serial_rivers_room_a,
          chequers_serial_rivers_small_b, chequers_serial_rivers_micro_d,
          chequers_serial_rivers_room_b, chequers_serial_rivers_micro_e,
          serial_shops, nicolae_shop_tiny_statue_garden, uniq_frances
D:15:     grunt_enter_depths_snipers, layout_basic,
          ebering_dispersal_statue_hall, minmay_puff
Temple:   grunt_temple_mini_profane
Lair:1:   layout_hall_layers
Lair:2:   layout_gridlike, minmay_swamp_entry_worms, nicolae_snake_entry_squirm,
          beast_lair_carwin_1, lemuel_fruit_fields, serial_bayou_shore_a
Lair:3:   layout_roguey, basic_altar, gammafunk_ghost_berserking_beasts,
          minmay_lair_oklob_items, nzn_random_ring
Lair:4:   layout_misc_corridors
Lair:5:   wormcave, layout_cave_pods, minmay_slime_entry_oklob_open,
          serial_bayou_lagoon_b
Swamp:1:  gammafunk_sealed_arena, layout_basic_swamp, serial_swamp_ruin,
          evilmike_swamp_ruin_rubble_2, evilmike_swamp_ruin_wall, swamp_pool4
Swamp:2:  layout_basic_swamp, evilmike_swamp_ruin_rubble_1
Swamp:3:  layout_basic_swamp, evilmike_swamp_ruin_house_2
Swamp:4:  swamp_old_school, layout_basic_swamp, infiniplex_staircase_pool_2
Snake:1:  layout_grid_maze, nicolae_coiled_stairwell_down, grunt_megastairs_2
Snake:2:  layout_rooms, nicolae_snake_gridmaze_tees, uniq_aizul
Snake:3:  layout_gridlike, nicolae_snake_single_loop, abandoned_shop,
          serial_bayou_pond_d, serial_bayou_shore_b, grunt_megastairs_5
Snake:4:  snake_pit, layout_cave_town, uniq_saint_roka, uniq_asterion
Slime:1:  cheibrodos_slime_lost_civilization_1, layout_caves,
          nicolae_slime_phagocytosis
Slime:2:  layout_caves
Slime:3:  layout_caves, nicolae_slime_getting_an_eyeful
Slime:4:  layout_caves
Slime:5:  slime_pit
Orc:1:    layout_caves, basic_altar, serial_shops, shop, shop
Orc:2:    st_orc_rangers, layout_caves, serial_shops, nicolae_shop_peninsula
Elf:1:    eino_elf_arrival_sip, layout_loops_corners, serial_shops,
          nicolae_diamond_shop, minivault_28, st_stairs_14,
          hangedman_summoners_spam
Elf:2:    nicolae_elf_blades_crystal_corner, layout_rooms
Elf:3:    minmay_elf_hall_furrowed, layout_gridlike, gammafunk_ghost_split,
          serial_shops, shop, drop_trap, nicolae_shop_gadgets
Vaults:1: nicolae_vaults_meiosis, nicolae_vaults_tetromino_L_2,
          hangedman_vaults_corner_blocks, nicolae_vaults_network_barrier,
          hangedman_vaults_trim, v_misc_23, v_pattern_5, nicolae_vaults_heist,
          ontoclasm_vaults_shuriken, nicolae_vaults_tetromino_T_1,
          layout_vaults_omnicross, serial_shops, shop
Vaults:2: nicolae_vaults_twisting_passages, nicolae_vaults_door_testing_chamber,
          ontoclasm_vaults_hangar, minmay_crypt_entry_simple_statues,
          v_alt_pattern_3, grunt_vaults_focal, nicolae_vaults_storage_closets_1,
          ontoclasm_vaults_gateway, v_misc_27,
          nicolae_vaults_trapezoid_lopsided_3, vaults_standard_mumra_x,
          layout_vaults_omnibox, uniq_sojobo, uniq_mara
Vaults:3: infiniplex_enter_wizlab_spiral, v_misc_8, nicolae_vaults_big_ls,
          v_misc_2, v_misc_10, layout_vaults_omnigrid, serial_shops,
          nicolae_shop_back_alley_shop
Vaults:4: nicolae_vaults_what_the_h, hangedman_vaults_stagger,
          ontoclasm_vaults_spin, vaults_mumra_minichess_inversion,
          nicolae_vaults_diagonal_hallway_8, nicolae_vaults_apartment_1,
          nicolae_vaults_diamond_1, vaults_room_pools,
          nicolae_vaults_variable_pillar_hall, v_misc_27,
          hangedman_vaults_nails, vaults_mumra_lcd,
          nicolae_vaults_little_squares_3, layout_vaults_ring
Vaults:5: serial_shops
Crypt:1:  layout_chaotic_city, minmay_misc_feat_hallway,
          grunt_crypt_arrival_split, uniq_boris
Crypt:2:  layout_basic, lemuel_hellish_altar, grunt_megastairs_4, uniq_grunn
Crypt:3:  david_glass_crypt, layout_gridlike,
          nicolae_tomb_entry_unfolded_pyramid_diagonal, uniq_margery, uniq_khufu
Depths:1: layout_honeycomb, enter_ziggurat_e, abyss_entry, pf_coc_iceberg,
          wad_hexagon, grunt_megastairs_3, serial_bayou_shore_b, firewood_loft
Depths:2: minmay_skeletal_surprise, layout_gridlike, rand_demon_pan_entry_3,
          hell_entry, nicolae_titane, abyss_entry, kb_rosetta,
          minmay_staircase_bubble, uniq_nikola
Depths:3: minmay_open_boxes_in_corner, layout_cave_shapes, abyss_entry,
          hellmouth_3, nemelex_lonely_heart_becter, uniq_parghit
Depths:4: evilmike_zot_entry_diamond, layout_cave_pools, serial_bayou_shore_b,
          rand_demon_pan_entry_1, abyss_entry, hell_entry,
          kennysheep_four_rooms, minmay_shop_grove
Zot:1:    layout_gridville, zot_minivault_6
Zot:2:    layout_cellular_growth, st_single_dragon_hoard_2, uniq_josephina
Zot:3:    layout_basic, uniq_vv
Zot:4:    layout_cathedral_of_symmetry
Zot:5:    layout_misc_corridors, bh_zot_lava_cross

Skill      XL: |  1  2  3  4  5  6  7  8  9 10 11 12 13 14 15 16 17 18 19 20 21 22 23 24 25 26 |
---------------+-------------------------------------------------------------------------------+-----
Axes           | 2 |  2.4
Armour         | 3 4 5 6 7 9 10 | 10.0
Shields        | 3 4 5 6 |  6.0
Fighting       | 4 5 6 7 8 9 10 11 12 13 14 15 16 17 19 20 24 | 24.8
Stealth        | 3 5 7 9 11 12 13 14 15 16 17 18 | 18.0
Short Blades   | 2 5 7 8 9 10 11 12 13 14 | 14.0
Dodging        | 1 3 4 6 7 8 9 10 11 12 13 14 15 | 15.0
Invocations    | 6 10 13 14 15 16 17 18 19 20 21 | 21.7
Hexes          | 1 4 5 6 8 10 12 14 15 16 | 16.0
Spellcasting   | 1 4 5 7 8 9 10 11 12 13 14 15 | 15.1
Transmutations | 4 5 8 11 12 13 14 15 | 15.0
Earth Magic    | 3 7 10 11 12 13 | 13.0
Evocations     | 1 |  1.7
Necromancy     | 3 |  3.1

Action                     |  1- 3 |  4- 6 |  7- 9 | 10-12 | 13-15 | 16-18 | 19-21 | 22-24 | 25-27 || total
---------------------------+-------+-------+-------+-------+-------+-------+-------+-------+-------++-------
  Melee: War axe           |    23 |       |       |       |       |       |       |       |       ||    23
         Dagger            |    94 |   114 |   319 |   173 |   734 |   220 |   259 |       |       ||  1913
         Tailslap          |    12 |    20 |    56 |    85 |   292 |   369 |   504 |   759 |   517 ||  2614
         Long sword        |       |       |    58 |   325 |    82 |       |       |       |       ||   465
         Touch             |       |       |       |   107 |   351 |   360 |   461 |   715 |   426 ||  2420
         Punch             |       |       |       |    10 |    24 |    28 |    59 |    66 |    38 ||   225
         Quick blade       |       |       |       |       |   658 |  1283 |  1635 |  2354 |  1693 ||  7623
  Throw: Dart              |       |     2 |    17 |   112 |    64 |       |       |       |       ||   195
         Boomerang         |       |       |       |   120 |       |       |       |       |       ||   120
   Cast: Wereblood         |       |       |       |       |     1 |    22 |    26 |    30 |    13 ||    92
         Yara's Violent Un |       |       |       |       |       |    16 |    26 |     3 |     6 ||    51
         Statue Form       |       |       |       |       |       |    17 |    25 |     9 |    12 ||    63
         Lee's Rapid Decon |       |       |       |       |       |       |       |    20 |       ||    20
         Enfeeble          |       |       |       |       |       |       |       |     2 |    96 ||    98
         Borgnjor's Vile C |       |       |       |       |       |       |       |       |     2 ||     2
 Invoke: Draw Destruction  |       |       |       |     1 |    25 |    33 |    15 |    23 |     3 ||   100
         Draw Summoning    |       |       |       |     1 |     2 |     5 |     4 |     3 |     1 ||    16
         Draw Stack        |       |       |       |       |     5 |       |     1 |     5 |       ||    11
         Stack Five        |       |       |       |       |     1 |       |     1 |     1 |     1 ||     4
         Deal Four         |       |       |       |       |     1 |     2 |     2 |     7 |       ||    12
         Draw Escape       |       |       |       |       |       |     8 |     8 |     1 |     1 ||    18
Ability: Evoke Blink       |       |       |       |       |       |       |       |     2 |     3 ||     5
  Evoke: Wand              |       |     1 |    11 |    11 |     9 |     1 |     1 |     1 |     7 ||    42
         Lightning rod     |       |       |       |       |     6 |     4 |     4 |     4 |       ||    18
         Phantom mirror    |       |       |       |       |       |     2 |     1 |     1 |       ||     4
         Phial of floods   |       |       |       |       |       |       |     1 |       |       ||     1
    Use: Potion            |     1 |       |     1 |     1 |     1 |     8 |       |    10 |    10 ||    32
         Scroll            |       |     2 |    14 |    10 |    13 |    10 |     5 |    15 |     8 ||    77
   Stab: Sleeping          |       |       |     5 |     9 |    27 |    16 |    15 |     9 |     6 ||    87
         Distracted        |       |       |       |     2 |    26 |    40 |    41 |    69 |    38 ||   216
         Invisible         |       |       |       |     1 |     2 |       |       |     2 |    70 ||    75
         Confused          |       |       |       |       |       |       |     1 |       |     1 ||     2
         Petrified         |       |       |       |       |       |       |       |     1 |       ||     1
 Armour: Scale mail        |    47 |     6 |       |       |       |       |       |   264 |    43 ||   360
         Plate armour      |       |    35 |    72 |       |       |       |       |       |       ||   107
         Leather armour    |       |       |    35 |    84 |   135 |       |       |       |       ||   254
         Fire dragon scale |       |       |       |       |    31 |   153 |   139 |    90 |   208 ||   621
         Skin              |       |       |       |       |       |   191 |   267 |   117 |   172 ||   747
  Dodge: Dodged            |    42 |    28 |    89 |   280 |   553 |   607 |   696 |   635 |   531 ||  3461
  Block: Buckler           |    21 |    33 |   131 |       |       |       |       |       |       ||   185
         Other             |       |       |       |   142 |   360 |   322 |   333 |   266 |    96 ||  1519
         Reflection        |       |       |       |       |    66 |    32 |    25 |     3 |       ||   126

Table legend: (Time is in decaauts)
 A = Elapsed time spent in this place.
 B = Non-inter-level travel time spent in this place.
 C = Inter-level travel time spent in this place.
 D = Time resting spent in this place.
 E = Time spent auto-exploring this place.
 F = Levels seen in this place.
 G = Mean time per level.
                   A        B        C        D        E       F      G
               +--------+--------+--------+--------+--------+-----+--------+
         Total |  72134 |  63504 |   8630 |   8424 |  41083 |  61 | 1182.5 |
       Dungeon |  18141 |  15414 |   2727 |   1517 |  10963 |  15 | 1209.4 |
        Temple |    225 |    196 |     29 |      0 |    188 |   1 |  225.0 |
          Lair |   8618 |   7122 |   1496 |   1215 |   4302 |   5 | 1723.6 |
         Swamp |   3602 |   3419 |    183 |    274 |   2481 |   4 |  900.5 |
     Snake Pit |   5560 |   5225 |    335 |   1071 |   3388 |   4 | 1390.0 |
    Slime Pits |   2370 |   2030 |    340 |    979 |    485 |   5 |  474.0 |
  Orcish Mines |   1999 |   1798 |    201 |    521 |    931 |   2 |  999.5 |
   Elven Halls |   4292 |   4019 |    273 |    600 |   2383 |   3 | 1430.7 |
        Vaults |   9296 |   7755 |   1541 |     98 |   6026 |   5 | 1859.2 |
         Crypt |   4103 |   3779 |    324 |    536 |   2391 |   3 | 1367.7 |
        Depths |   5722 |   5113 |    609 |    524 |   3628 |   4 | 1430.5 |
           Zot |   5995 |   5427 |    568 |   1011 |   3158 |   5 | 1199.0 |
         Abyss |    400 |    400 |      0 |      0 |     89 |   2 |  200.0 |
         Sewer |    470 |    470 |      0 |      0 |    246 |   1 |  470.0 |
        Wizlab |    717 |    717 |      0 |     75 |    198 |   1 |  717.0 |
      Gauntlet |    618 |    618 |      0 |      0 |    222 |   1 |  618.0 |
               +--------+--------+--------+--------+--------+-----+--------+

Top non-repeatable levels by time:
Vaults:2: 2678 daAuts
  Lair:3: 2330 daAuts
     D:8: 1921 daAuts
  Lair:2: 1874 daAuts
Vaults:4: 1806 daAuts
Depths:3: 1802 daAuts
 Crypt:3: 1798 daAuts
  Lair:5: 1764 daAuts
   Elf:3: 1743 daAuts
  Lair:1: 1713 daAuts
   Elf:1: 1699 daAuts
     D:9: 1689 daAuts
 Snake:1: 1665 daAuts
Vaults:5: 1643 daAuts
Vaults:3: 1608 daAuts
